 Dungeon Crawl Stone Soup version 0.24.0-10-g970556be89 (webtiles) character file.

Game seed: 8975930898047513031, levelgen mode: deterministic

42 Inarius the Grave Robber (level 3, -3/14 HPs)
             Began as a Felid Necromancer on Nov 3, 2019.
             Slain by a howler monkey (4 damage)
             ... on level 2 of the Dungeon.
             The game lasted 00:02:36 (2200 turns).

Inarius the Grave Robber (Felid Necromancer)        Turns: 2200, Time: 00:02:37

Health: -3/14      AC:  1    Str:  4    XL:     3   Next: 33%
Magic:  1/7        EV: 18    Int: 17    God:
Gold:   42         SH:  0    Dex: 16    Spells: 1/6 levels left
                                        Lives:  0   Deaths: 0

rFire    + . .     SeeInvis +   (weapon unavailable)
rCold    . . .     Gourm    .   (shield unavailable)
rNeg     . . .     Faith    .   (armour unavailable)
rPois    .         Spirit   .   (helmet unavailable)
rElec    .         Reflect  .   (cloak unavailable)
rCorr    .         Harm     .   (gloves unavailable)
MR       .....                  (boots unavailable)
Stlth    +++.......             (no amulet)
HPRegen  0.04/turn              a - ring of protection from fire
MPRegen  0.10/turn              (no ring)

@: quick
A: very small, no armour, no weapons or thrown items, stealth, claws 1, fangs 3,
see invisible, carnivore, speed 1, shaggy fur 1, slow metabolism 1, sharp paws
a: no special abilities


You were on level 2 of the Dungeon.
You were very full.

You visited 1 branch of the dungeon, and saw 2 of its levels.

You collected 42 gold pieces.

Inventory:

Jewellery
 a - a ring of protection from fire (left paw)
Scrolls
 c - a scroll of enchant weapon {unknown}
Potions
 d - a potion of curing {unknown}
Comestibles
 b - 2 rations


   Skills:
 + Level 2.7 Dodging
 + Level 2.7 Stealth
 + Level 0.1 Unarmed Combat
 + Level 2.3 Spellcasting
 * Level 5.0 Necromancy


You had one spell level left.
You knew the following spells:

 Your Spells              Type           Power        Failure   Level  Hunger
a - Pain                  Necr           ###.         2%          1    #......
b - Animate Skeleton      Necr           N/A          2%          1    #......
c - Vampiric Draining     Necr           ###.......   7%          3    ###....

Your spell library contained the following spells:

 Spells                   Type           Power        Failure   Level  Hunger
 Regeneration             Chrm/Necr      ##........   21%         3    ###....
 Animate Dead             Necr           N/A          24%         4    #####..


Dungeon Overview and Level Annotations

Branches:
Dungeon (2/15)

Altars:


Innate Abilities, Weirdness & Mutations

You cannot wear armour.
You are incapable of wielding weapons or throwing items.
Your paws allow you to move quietly. (Stealth)
You have sharp claws.
You have razor-sharp teeth.
You have supernaturally acute eyesight. (SInv)
You are carnivorous and can eat meat at any time.
You cover ground quickly.
You are covered in fur. (AC +1)
You have a slow metabolism.
Your sharp claws are effective at attacking unaware monsters.


Message History

You scratch the howler monkey but do no damage.
You bite the howler monkey.
The howler monkey is severely wounded.
The howler monkey misses you. The howler monkey hits you!
Ouch! That really hurt!
You are too injured to fight recklessly!
You are too injured to fight recklessly!
Casting: Vampiric Draining (safe; 7% risk of failure)
Confirm with . or Enter, or press ? or * to list all spells.
You don't have enough magic to cast that spell.
Unknown command.
Unknown command.
You barely miss the howler monkey.
The howler monkey is severely wounded.
The howler monkey hits you.
* * * LOW HITPOINT WARNING * * *
You barely miss the howler monkey.
The howler monkey is severely wounded.
The howler monkey hits you.
You die...

#..###########.#
#..........h...#
#....#########.#
#..#.#########.########
#..#...................
#.<#.....h...#.########
#..#.#######.#.#
#..#.........#.#
#.....h@.....#.# .
##.##........#.########.
#.##........#..........
#.##........#..........
#.##........#.#....(...
#.##........#.####.####
#.##........#.# #.#
#.##........#.# #.#
#.#####.#.#.#.# #.#


You could see a howler monkey.

Vanquished Creatures
  A gnoll (D:1)
  An ooze (D:1)
  A worm (D:2)
  A giant cockroach (D:1)
  3 goblins (D:1)
  3 hobgoblins
  A quokka (D:2)
  A bat (D:1)
  9 kobolds
  3 rats (D:1)
24 creatures vanquished.

Notes
Turn   | Place    | Note
-------+----------+-------------------------------------------
     0 | D:1      | Inarius the Felid Necromancer began the quest for the Orb.
     0 | D:1      | Reached XP level 1. HP: 7/7 MP: 4/4
   332 | D:1      | Reached XP level 2. HP: 3/11 MP: 0/6
   836 | D:1      | Learned a level 1 spell: Animate Skeleton
  1338 | D:1      | Reached XP level 3. HP: 14/14 MP: 5/7
  1768 | D:2      | Learned a level 3 spell: Vampiric Draining
  1863 | D:2      | Reached skill level 5 in Necromancy
  2200 | D:2      | Slain by a howler monkey

Levels and vault maps discovered:
D:1:      minmay_arrival_open_corners, layout_loops_ring
D:2:      layout_basic, chequers_jeans

Skill      XL: |  1  2  3 |
---------------+----------+-----
Necromancy     | 5 |  5.0
Dodging        | |  2.7
Stealth        | |  2.7
Unarmed Combat | |  0.1
Spellcasting   | |  2.3

Action                   || total
-------------------------++-------
Melee: Unarmed           ||    32
       Bite              ||     4
 Cast: Pain              ||    44
       Animate Skeleton  ||     6
       Vampiric Draining ||     3
 Stab: Sleeping          ||     1
  Eat: Chunk             ||     9
Dodge: Dodged            ||    30
